 Dungeon Crawl Stone Soup version 0.22-a0-83-g218e7ff (console) character file.

375 Evablue the Digger (level 6, -1/32 HPs)
             Began as a Gargoyle Earth Elementalist on Jan 20, 2018.
             Was a Follower of Okawaru.
             Killed by divine providence
             ... invoked by an orc priest
              (11 damage)
             ... on level 4 of the Dungeon.
             The game lasted 00:08:04 (3218 turns).

Evablue the Digger (Gargoyle Earth Elementalist)    Turns: 3218, Time: 00:08:06

Health: -1/32      AC: 17    Str: 11    XL:     6   Next: 72%
Magic:  1/9        EV: 12    Int: 18    God:    Okawaru [*.....]
Gold:   204        SH:  0    Dex: 10    Spells: 8/9 levels left

rFire    . . .     SeeInvis .   v - +2 flail (protect)
rCold    . . .     Gourm    .   (no shield)
rNeg     + . .     Faith    .   c - +0 robe
rPois    ∞         Spirit   .   n - +0 helmet
rElec    +         Reflect  .   (no cloak)
rCorr    .         Harm     .   (no gloves)
MR       .....                  q - +2 pair of boots
Stlth    ++........             (no amulet)
HPRegen  0.10/turn              (no ring)
MPRegen  0.11/turn              (no ring)

@: protection aura
A: negative energy resistance 1, electricity resistance, unbreathing,
petrification resistance, rot immunity, AC +4
a: Heroism, Renounce Religion


You were on level 4 of the Dungeon.
You worshipped Okawaru.
Okawaru was aware of your devotion.
You were hungry.

You visited 1 branch of the dungeon, and saw 4 of its levels.

You collected 204 gold pieces.

Inventory:

Hand Weapons
 v - a +2 flail of protection (weapon)
Missiles
 b - 121 stones (quivered)
Armour
 c - a +0 robe (worn)
 m - a +2 shield
 n - a +0 helmet (worn)
 q - a +2 pair of boots (worn)
Scrolls
 f - 6 scrolls of identify {unknown}
 g - a scroll of fear {unknown}
 i - a scroll of random uselessness {unknown}
 k - 4 scrolls of remove curse {unknown}
 l - a scroll of magic mapping {unknown}
 s - 2 scrolls of teleportation {unknown}
 u - a scroll of amnesia {unknown}
Potions
 a - a potion of haste {unknown}
 h - a potion of mutation {unknown}
 j - a potion of resistance {unknown}
 o - 3 potions of curing {unknown}
 p - 2 potions of heal wounds {unknown}
 r - a potion of ambrosia {unknown}
 t - a potion of might {unknown}
 w - a potion of degeneration {unknown}
Books
 e - a book of Geomancy

   Spells                             Type                      Level
   a - Sandblast                      Earth                        1
   b - Passwall                       Transmutation/Earth          2
   c - Stone Arrow                    Conjuration/Earth            3
   d - Petrify                        Transmutation/Earth          4
   e - Lee's Rapid Deconstruction     Earth                        5
Comestibles
 d - 7 rations


   Skills:
 - Level 4.0 Maces & Flails
 - Level 1.5 Dodging
 - Level 2.1 Stealth
 - Level 2.0 Spellcasting
   Level 0.7 Transmutations
 + Level 7.1 Earth Magic


You had 8 spell levels left.
You knew the following spells:

 Your Spells              Type           Power        Failure   Level  Hunger
a - Sandblast             Erth           ####..       1%          1    #......


Dungeon Overview and Level Annotations

Branches:
Dungeon (4/15)
 Temple: D:4-7

Altars:
Ashenzari
Elyvilon
Kikubaaqudgha
Okawaru


Innate Abilities, Weirdness & Mutations

You are resistant to torment.
Your stone body is resilient. (AC +4)
You are immune to poison.
You resist negative energy. (rN+)
You are resistant to electric shocks. (rElec)
You can survive without breathing.
You are immune to petrification.
You are immune to rotting.


Message History

Your weapon exudes an aura of protection.
The orc priest is almost dead.
The orc priest barely misses you.
The orc priest calls upon Beogh to heal the orc priest.
The orc priest is healed somewhat.
The orc barely misses you.
The orc priest hits you but does no damage.
You hit the orc priest.
The orc priest is severely wounded.
The orc priest hits you but does no damage.
The orc priest calls down the wrath of Beogh upon you.
Beogh smites you! The orc closely misses you.
You are feeling hungry.
You barely miss the orc priest.
The orc priest is severely wounded.
The orc priest looks encouraged for a moment.
The orc priest invokes the aid of Beogh against you.
You barely resist. The orc barely misses you.
The orc priest calls down the wrath of Beogh upon you.
Beogh smites you!
You die...

##
##......##
## ##.....#
##. ##...##
#.. #...#
##.. ##.##
#... ##.#
##... #..#
#..<. ##..#
#.... #o@##
##....
#.oo#
#.....
#...#
#.....
......
##....
......:
###..
#.........
##..#
#.........
#..##
...........
##.## ##[.#


You could see 2 orc priests and an orc.

Vanquished Creatures
  A centaur (D:2)
  A scorpion (D:4)
  A howler monkey (D:4)
  An orc wizard (D:4)
  A centaur skeleton (D:4)
  An iguana (D:4)
  A howler monkey skeleton (D:4)
  4 adders
  An ooze (D:1)
  An adder skeleton (D:4)
  2 worms
  A dart slug (D:1)
  A leopard gecko (D:4)
  5 orcs
  2 ball pythons (D:4)
  2 giant cockroaches
  10 goblins
  11 hobgoblins
  8 bats
  4 frilled lizards
  5 kobolds
  A quokka zombie (D:4)
  8 rats
73 creatures vanquished.

Notes
Turn   | Place    | Note
-------+----------+-------------------------------------------
     0 | D:1      | Evablue the Gargoyle Earth Elementalist began the quest for the Orb.
     0 | D:1      | Reached XP level 1. HP: 10/10 MP: 3/3
    37 | D:1      | Reached skill level 4 in Earth Magic
   401 | D:1      | Reached XP level 2. HP: 6/15 MP: 3/5
   733 | D:1      | Reached XP level 3. HP: 15/19 MP: 6/6
   796 | D:1      | Reached skill level 5 in Earth Magic
  1410 | D:2      | Found an iron altar of Okawaru.
  1413 | D:2      | Found a white marble altar of Elyvilon.
  1413 | D:2      | Found an ancient bone altar of Kikubaaqudgha.
  1413 | D:2      | Found a shattered altar of Ashenzari.
  1438 | D:2      | Became a worshipper of Warmaster Okawaru
  1609 | D:2      | Noticed a centaur
  1794 | D:2      | Killed a centaur
  1794 | D:2      | Reached skill level 6 in Earth Magic
  1794 | D:2      | Reached XP level 4. HP: 15/24 MP: 3/7
  1794 | D:2      | Reached XP level 5. HP: 18/28 MP: 3/8
  2366 | D:3      | Reached skill level 7 in Earth Magic
  2543 | D:3      | Reached skill level 1 in Maces & Flails
  2909 | D:4      | Reached * piety under Okawaru
  2909 | D:4      | Reached XP level 6. HP: 27/32 MP: 9/9
  3218 | D:4      | Killed from afar by an orc priest

Vault maps used:
D:1:      dpeg_arrival_round_c
D:2:      grunt_temple_overflow_open, first_ration
D:3:      serial_bayou, serial_bayou_crossing, serial_bayou_lagoon_b,
          serial_bayou_pond_a, serial_bayou_ford_a

Skill      XL: |  1  2  3  4  5  6 |
---------------+-------------------+-----
Earth Magic    | 4 6 7 |  7.1
Maces & Flails | 2 4 |  4.0
Dodging        | |  1.5
Stealth        | |  2.1
Spellcasting   | |  2.0
Transmutations | |  0.7

Action                   |  1- 3 |  4- 6 || total
-------------------------+-------+-------++-------
Melee: Unarmed           |    83 |       ||    83
       Dagger            |    57 |    96 ||   153
       Flail             |       |    78 ||    78
 Cast: Sandblast         |    21 |    15 ||    36
 Stab: Sleeping          |     3 |     2 ||     5
       Distracted        |       |     1 ||     1
  Eat: Chunk             |     3 |     5 ||     8
Armor: Robe              |    57 |    73 ||   130
Dodge: Dodged            |   100 |   120 ||   220

Table legend:
 A = Spawn XP
 B = Non-spawn XP
 C = Spawn XP percentage of total XP
 D = Spawn monster count
 E = Non-spawn monster count
 F = Spawn count percentage of total count
 G = Total turns spent on level
                    A         B        C        D         E        F      G
               +---------+---------+-------+---------+---------+-------+---------
         Total |       0 |     536 |   0.0 |       0 |      73 |   0.0 |  3218
               +---------+---------+-------+---------+---------+-------+---------
           D:1 |       0 |      37 |   0.0 |       0 |      20 |   0.0 |   950
           D:2 |       0 |     143 |   0.0 |       0 |      13 |   0.0 |  1010
           D:3 |       0 |      87 |   0.0 |       0 |      26 |   0.0 |   883
           D:4 |       0 |     269 |   0.0 |       0 |      14 |   0.0 |   375
               +---------+---------+-------+---------+---------+-------+---------
